 Dungeon Crawl Stone Soup version 0.31.0-4-g52a2dc7128 (webtiles) character file.

Game seed: 9946316163101902486

78785 Mahakala the Severer (level 15, -12/138 HPs)
             Began as a Minotaur Berserker on Jan 22, 2024.
             Was a High Priest of Trog.
             Killed from afar by a tengu conjurer (17 damage)
             ... with a bolt of lightning
             ... on level 15 of the Dungeon.
             The game lasted 01:32:05 (19395 turns).

Mahakala the Severer (Minotaur Berserker)          Turns: 19395, Time: 01:32:06

Health: -12/138    AC: 25    Str: 27    XL:     15   Next: 19%
Magic:  14/14      EV: 10    Int:  6    God:    Trog [*****.]
Gold:   1683       SH:  0    Dex: 10    Spells: 14/14 levels left

rFire   . . .        W - +6 battleaxe (heavy)
rCold   + . .        (shield currently unavailable)
rNeg    . . .        B - +0 plate armour
rPois   .            (helmet restricted)
rElec   .            U - +0 cloak
rCorr   .            o - +0 pair of gloves
SInv    .            f - +3 pair of mountain boots {steadfast, rC+}
Will    ++...        H - amulet of regeneration Stlth
                     l - ring of willpower
HPRegen 1.23/turn    O - ring of flight
MPRegen 0.14/turn

%: no passive effects
@: on berserk cooldown, flying, slowed, very slow
A: horns 2, retaliatory headbutt
a: Renounce Religion, Berserk, Trog's Hand, Brothers in Arms


You were on level 15 of the Dungeon.
You worshipped Trog.
Trog was extremely pleased with you.
You visited 2 branches of the dungeon, and saw 20 of its levels.
You also visited: Sewer.

You collected 1907 gold pieces.
You spent 224 gold pieces at shops.

Inventory:

Hand Weapons
 Q - a +2 executioner's axe of electrocution
 W - a +6 heavy battleaxe (weapon)
Missiles
 k - 29 poisoned darts
 n - 2 throwing nets {!f}
 I - 10 boomerangs (quivered)
 L - 2 curare-tipped darts {!f}
 R - 3 javelins
 V - 5 darts of dispersal
Armour
 f - the +3 pair of mountain boots (worn) {steadfast, rC+}
   (You acquired it on level 14 of the Dungeon)

   Steadfast: It prevents involuntary movement, except for blinking,
   teleportation, or banishment.
   rC+:       It protects you from cold.
 o - a +0 pair of gloves (worn)
 B - a +0 plate armour (worn)
 K - +0 swamp dragon scales
 U - a +0 cloak (worn)
Jewellery
 l - a ring of willpower (left hand)
 H - an amulet of regeneration (around neck)
 O - a ring of flight (right hand)
 S - a ring of fire
Wands
 a - a wand of polymorph (19)
 c - a wand of mindburst (11)
 d - a wand of roots (29)
 t - a wand of flame (25)
 u - a wand of charming (18)
 v - a wand of digging (18)
 x - a wand of quicksilver (27)
Scrolls
 g - a scroll of revelation
 j - a scroll of silence {unknown}
 m - 6 scrolls of poison
 s - 11 scrolls of teleportation {@r4}
 w - 3 scrolls of blinking {unknown}
 y - 2 scrolls of fog
 z - 2 scrolls of immolation
 A - a scroll of vulnerability {unknown}
 C - a scroll of enchant weapon
 D - 2 scrolls of enchant armour
 M - 4 scrolls of fear
Potions
 b - 11 potions of curing {@q1}
 e - 4 potions of heal wounds {@q2}
 h - a potion of brilliance {unknown}
 i - 2 potions of cancellation {unknown}
 p - 2 potions of haste {unknown}
 q - 13 potions of ambrosia
 r - 5 potions of enlightenment
 G - 5 potions of attraction
 J - 4 potions of might


   Skills:
 - Level 14.3 Fighting
 - Level 20.0 Axes
 + Level 10.6 Throwing
 + Level 15.7 Armour
 - Level 6.0 Dodging
 - Level 5.0 Evocations


You had 14 spell levels left.
You didn't know any spells.
Your spell library was empty.

Dungeon Overview and Level Annotations

Branches:
Dungeon (15/15)            Temple (0/1) D:5            Lair (5/5) D:9
 Shoals (0/4) Lair:2       Spider (0/4) Lair:2        Slime (0/5) Lair:5
    Orc (0/2) D:10         Vaults (0/5) D:14         Depths (0/4) D:15
  Sewer (visited)

Altars:
Fedhas
Gozag
Kikubaaqudgha
Nemelex Xobeh
Okawaru
Trog
Xom
Zin
The Shining One

Shops:
D:1 *   D:2 *   D:10 ((!

Annotations:
D:7 1 runed translucent door, hawla's ghost, novice DEFE
D:10 exclusions: oklob plant and 1 more exclusion
Lair:3 8h hydra, Oluanan's ghost, journeyman DsFi


Innate Abilities, Weirdness & Mutations

You have a pair of horns on your head.
You reflexively headbutt those who attack you in melee.


Message History

The liquid fire burns you!
* * * LOW HITPOINT WARNING * * *
The tengu warrior hits you but does no damage.
The tengu warrior hits your stone giant with a +0 broad axe.
The tengu warrior pecks you but does no damage.
The tengu warrior claws you but does no damage.
The tengu warrior blocks your attack. The liquid fire burns you!
* * * LOW HITPOINT WARNING * * *
The tengu warrior blocks your stone giant's attack.
The cyclops throws a large rock.
The large rock hits you!
* * * LOW HITPOINT WARNING * * *
You slice the tengu warrior!! Your headbutt misses the tengu warrior.
The tengu warrior is moderately wounded.
You slash the centaur warrior! The liquid fire burns you!
* * * LOW HITPOINT WARNING * * *
Your stone giant hits the tengu warrior!!!
The tengu warrior dies!
Trog accepts your kill.
The centaur warrior closely misses you. x2
A laughing skull comes into view.
You hear a shout!
You hear a horrible gurgling sound!
You carve the centaur warrior like a ham!!!
You kill the centaur warrior!
Trog accepts your kill. The liquid fire burns you!
* * * LOW HITPOINT WARNING * * *
The cyclops throws a large rock.
The large rock hits your stone giant!
You shake off the liquid fire.
You feel a strong urge to attack something.
A tengu conjurer comes into view.
The cyclops throws a large rock.
The large rock hits your stone giant!!
You are no longer berserk.
You are exhausted.
You feel yourself slow down.
The tengu conjurer points at you and mumbles some strange words.
The bolt of lightning hits your stone giant!!
The bolt of lightning hits you!
You die...

######## #...##.##
#.......#. . #.......#.
#Q## #.......+. #....
#.......#.
...#.##+#######......##.
....CC.......##......##.
#....z@.....#..........
.......))....'..........
........)....#..........
.####..###...##.........
##+ ##...##.....###.
#....##########.
#......(........
#...............
#(..............


You could see a cyclops, a tengu conjurer (ally target), a laughing skull and a
friendly stone giant (summoned, berserk).

Vanquished Creatures
  Azrael (D:12)
  2 ice dragons (Lair:5)
  4 two-headed ogres
  An ogre mage (D:15)
  5 hydras
  A catoblepas (D:15)
  5 boulder beetles
  3 centaur warriors
  A death yak (Lair:4)
  A demonic crawler (Lair:2)
  A vampire mage (D:15)
  Nergalle (D:12)
  8 skeletal warriors
  2 skysharks (Lair:4)
  A goliath frog (Lair:3)
  3 swamp dragons
  2 lindwurms (Lair:5)
  A necromancer (D:15)
  2 oklob plants (Lair:2)
  A deep elf pyromancer (D:15)
  An elephant (Lair:4)
  14 ugly things
  2 manticores
  2 cyclopes
  3 meliai (D:15)
  A meliai (shapeshifter) (D:13)
  7 centaur zombies (D:10)
  5 torpor snails (Lair:5)
  A gargoyle (D:10)
  A black mamba (Lair:4)
  An unseen horror zombie (D:10)
  2 unseen horrors (D:12)
  A kobold demonologist (D:12)
  8 cane toads
  7 komodo dragons
  4 rime drakes
  7 polar bears
  5 trolls
  7 hornets (Lair:5)
  A queen bee (Lair:2)
  4 tyrant leeches
  Grinder (D:5)
  5 dream sheep (Lair:5)
  10 blink frogs
  6 shadows
  8 slime creatures
  3 vampires (D:10)
  3 wyverns
  Sigmund (D:5)
  A spriggan skeleton (D:15)
  42 yaks
  10 wraiths
  3 steam dragons (Lair:5)
  5 basilisks
  3 fire elementals (D:12)
  9 vampire mosquitoes
  A naga (D:12)
  2 swamp worms (Lair:3)
  4 acid dragons
  4 hell hounds (D:12)
  Duvessa (D:4)
  3 swamp drakes (Lair:3)
  12 water moccasins
  An ice beast (D:7)
  A sky beast (D:8)
  2 laughing skulls (D:15)
  2 crocodiles (Sewer)
  4 ogres
  An orc warrior (D:10)
  18 wolves
  4 centaurs
  A wolf (shapeshifter) (D:12)
  5 kobold brigands
  A gnoll sergeant (D:12)
  10 bullfrogs
  6 scorpions
  A burial acolyte (D:7)
  11 wights
  Dowan (D:4)
  38 killer bees
  11 electric eels
  3 bombardier beetles
  3 hounds
  12 orc priests
  3 jellies
  2 gnoll boudas
  Terence (D:2)
  7 iguanas
  A sleepcap (D:7)
  5 orc wizards
  9 hell rats
  A sickly merfolk siren (Sewer)
  A malarious merfolk avatar (Sewer)
  A howler monkey zombie (D:10)
  11 gnolls
  9 adders
  3 river rats (Sewer)
  2 white imps (D:6)
  An adder zombie (D:7)
  3 ribbon worms
  A dart slug (D:2)
  29 orcs
  11 ball pythons
  3 bats
  3 endoplasms
  8 giant cockroaches
  10 goblins
  11 hobgoblins
  19 kobolds
  4 quokkas
  3 frilled lizards (Sewer)
  2 jackal zombies (D:7)
  22 rats
589 creatures vanquished.

Vanquished Creatures (collateral kills)
  A tengu warrior (D:15)
  A skeletal warrior (D:8)
  A cane toad (Lair:4)
  A polar bear (Lair:4)
  3 yaks (Lair:4)
  An acid dragon (D:8)
  A water moccasin (Lair:4)
  2 bullfrogs
  A hell rat (Lair:4)
12 creatures vanquished.

Vanquished Creatures (others)
  An angel (D:9)
1 creature vanquished.

Grand Total: 602 creatures vanquished

Notes
Turn   | Place    | Note
-------+----------+-------------------------------------------
     0 | D:1      | Mahakala the Minotaur Berserker began the quest for the
                  | Orb.
     0 | D:1      | Reached XP level 1. HP: 19/19 MP: 0/0
    64 | D:1      | You fall into a shaft and drop 1 floor!
   105 | D:2      | Noticed Terence
   117 | D:2      | Killed Terence
   118 | D:2      | Reached skill level 5 in Axes
   118 | D:2      | Reached XP level 2. HP: 25/26 MP: 1/1
   186 | D:2      | Reached XP level 3. HP: 29/31 MP: 2/2
   661 | D:1      | Found Doma Biz's Assorted Antiques.
  1045 | D:2      | Reached XP level 4. HP: 35/39 MP: 3/3
  1047 | D:2      | Reached skill level 6 in Axes
  1312 | D:2      | Found Jieghog's Assorted Antiques.
  1673 | D:3      | Reached ** piety under Trog
  1680 | D:3      | Reached XP level 5. HP: 45/45 MP: 4/4
  1720 | D:3      | Reached skill level 7 in Axes
  1769 | D:3      | Found a glowing drain.
  1787 | Sewer    | Entered a sewer
  1951 | Sewer    | Noticed a crocodile
  1958 | Sewer    | Killed a crocodile
  1959 | Sewer    | Reached XP level 6. HP: 46/53 MP: 5/5
  2101 | Sewer    | Reached *** piety under Trog
  2175 | Sewer    | Reached skill level 5 in Fighting
  2360 | D:1      | Bought a glowing chain mail for 120 gold pieces
  2440 | D:3      | Found a faded altar of an unknown god.
  2495 | D:3      | Reached skill level 8 in Axes
  2508 | D:3      | Reached XP level 7. HP: 55/61 MP: 6/6
  3172 | D:4      | Noticed Dowan
  3173 | D:4      | Noticed Duvessa
  3192 | D:4      | Killed Duvessa
  3193 | D:4      | Reached skill level 9 in Axes
  3195 | D:4      | Killed Dowan
  3577 | D:4      | Found an iron altar of Okawaru.
  3598 | D:5      | Entered Level 5 of the Dungeon
  3825 | D:5      | Noticed Grinder
  3826 | D:5      | Noticed Sigmund
  3865 | D:5      | Killed Sigmund
  3866 | D:5      | Reached skill level 10 in Axes
  3866 | D:5      | Reached XP level 8. HP: 71/71 MP: 7/7
  3867 | D:5      | Killed Grinder
  3978 | D:5      | Reached skill level 11 in Axes
  3984 | D:5      | Found a glowing golden altar of the Shining One.
  4036 | D:5      | Found a staircase to the Ecumenical Temple.
  4360 | D:6      | Found an opulent altar of Gozag.
  4369 | D:6      | Reached skill level 5 in Armour
  5210 | D:7      | Noticed a boulder beetle
  5234 | D:7      | Killed a boulder beetle
  5235 | D:7      | Reached skill level 12 in Axes
  5235 | D:7      | Reached XP level 9. HP: 64/79 MP: 8/8
  5250 | D:7      | Found a runed translucent door.
  5256 | D:7      | Noticed hawla's ghost (novice DEFE)
  5257 | D:7      | Noticed a manticore
  5648 | D:7      | Reached skill level 13 in Axes
  5962 | D:7      | Reached skill level 1 in Throwing
  6008 | D:7      | Reached **** piety under Trog
  6025 | D:7      | Found an ancient bone altar of Kikubaaqudgha.
  6596 | D:8      | Reached XP level 10. HP: 86/86 MP: 9/9
  6626 | D:8      | Noticed a skeletal warrior
  6636 | D:8      | Killed a skeletal warrior
  6637 | D:8      | Reached skill level 14 in Axes
  6841 | D:8      | Found the +5 scythe "Finisher" {speed, execute}
  6911 | D:9      | Found a shimmering altar of Xom.
  6913 | D:9      | Found a glowing silver altar of Zin.
  6913 | D:9      | Noticed an angel
  7118 | D:9      | Reached skill level 5 in Throwing
  7134 | D:9      | Found a staircase to the Lair.
  7185 | D:9      | Noticed a green ugly thing
  7194 | D:9      | Reached skill level 15 in Axes
  7199 | D:9      | Killed a green ugly thing
  7548 | D:9      | Reached skill level 16 in Axes
  7709 | D:9      | Killed an angel
  7766 | Lair:1   | Entered Level 1 of the Lair of Beasts
  7895 | Lair:1   | Noticed a cane toad
  7910 | Lair:1   | Killed a cane toad
  8034 | Lair:1   | Reached XP level 11. HP: 93/93 MP: 10/10
  8863 | Lair:2   | Found a hole to the Spider Nest.
  8864 | Lair:2   | Noticed a demonic crawler
  8873 | Lair:2   | Killed a demonic crawler
  8978 | Lair:2   | Reached ***** piety under Trog
  8994 | Lair:2   | Reached skill level 10 in Fighting
  9019 | Lair:2   | Reached skill level 10 in Armour
  9019 | Lair:2   | Reached skill level 1 in Evocations
  9409 | Lair:2   | Found a staircase to the Shoals.
  9451 | Lair:2   | Reached XP level 12. HP: 106/106 MP: 11/11
  9624 | Lair:2   | Found a blossoming altar of Fedhas.
  9639 | Lair:2   | Reached skill level 5 in Evocations
 10060 | Lair:3   | Reached skill level 5 in Dodging
 10333 | Lair:3   | Noticed Oluanan's ghost (journeyman DsFi)
 10336 | Lair:3   | Found a bloodstained altar of Trog.
 10345 | Lair:3   | Found a transporter.
 10348 | Lair:3   | Found a transporter.
 10435 | Lair:3   | Identified the +6 dagger of Magnificence {freeze, rF- rC++
                  | rN+ Str+2}
 10446 | Lair:3   | Noticed an eight-headed hydra
 10968 | Lair:4   | Noticed a six-headed hydra
 10973 | Lair:4   | Noticed a boulder beetle
 10988 | Lair:4   | Killed a 13-headed hydra
 10997 | Lair:4   | Killed a boulder beetle
 11008 | Lair:4   | Reached XP level 13. HP: 82/119 MP: 12/12
 11606 | Lair:5   | Entered Level 5 of the Lair of Beasts
 12181 | Lair:5   | Found a staircase to the Slime Pits.
 12408 | Lair:5   | Reached skill level 17 in Axes
 13269 | Lair:5   | Reached skill level 18 in Axes
 14126 | D:10     | Entered Level 10 of the Dungeon
 14179 | D:10     | Found a sparkling altar of Nemelex Xobeh.
 14197 | D:10     | Found Irougim's Distillery.
 14247 | D:10     | Bought 2 potions of might for 104 gold pieces
 14359 | D:10     | Found a blossoming altar of Fedhas.
 14413 | D:10     | Reached XP level 14. HP: 132/132 MP: 13/13
 14488 | D:10     | Reached skill level 19 in Axes
 14629 | D:10     | Found a staircase to the Orcish Mines.
 14678 | D:10     | Found Tiulatzir's Antique Weapon Emporium.
 14845 | D:10     | Found Eruumih's Weapon Emporium.
 15179 | D:11     | Identified 2 scrolls of acquirement
 15179 | D:11     | Acquired a +2 executioner's axe of electrocution
 15983 | D:12     | Noticed Azrael
 15997 | D:12     | Killed Azrael
 16002 | D:12     | Noticed Maurice
 16124 | D:12     | Maurice changed into Maurice the naga
 16124 | D:12     | Noticed Maurice
 16130 | D:12     | Killed Maurice the naga
 16864 | D:12     | Noticed Nergalle
 16867 | D:12     | Killed Nergalle
 16867 | D:12     | Reached ****** piety under Trog
 17195 | D:13     | Received a gift from Trog
 17427 | D:13     | Reached skill level 20 in Axes
 18340 | D:14     | Found a gate to the Vaults.
 18487 | D:14     | Identified the +3 scale mail "Ziyniu" {rPois Str-4 Int+3}
 18532 | D:14     | Found a shimmering altar of Xom.
 18550 | D:14     | Acquired the +3 pair of mountain boots {steadfast, rC+}
 18550 | D:14     | Found the +3 pair of mountain boots {steadfast, rC+}
 18880 | D:15     | Entered Level 15 of the Dungeon
 18907 | D:15     | Found a staircase to the Depths.
 18928 | D:15     | Reached skill level 15 in Armour
 19067 | D:15     | Reached XP level 15. HP: 138/138 MP: 14/14
 19071 | D:15     | Reached skill level 10 in Throwing
 19391 | D:15     | HP: 9/207 [burnt (7)]
 19392 | D:15     | HP: 4/207 [burnt (5)]
 19395 | D:15     | Killed from afar by a tengu conjurer

Illustrated notes

Levels and vault maps discovered:
D:1:      amcnicky_arrival_choice, layout_basic, serial_shops, shop,
          minmay_misc_feat_alley
D:2:      layout_basic, serial_shops, nicolae_shop_real_fake_doors,
          minmay_misc_feat_encased, uniq_terence
D:3:      layout_basic, ebering_ecumenical_altar_petrified,
          portal_sewer_entry_a, grunt_ministairs_4, minmay_circle_x
D:4:      layout_rooms, kennysheep_okawaru_gauntlet, uniq_duvessa
D:5:      layout_rooms, mainiacjoe_overflow_six_doors_small,
          minmay_temple_entry_statues_fountains, uniq_grinder, uniq_sigmund
D:6:      layout_cave_pods, grunt_gozag_statues
D:7:      layout_basic, lemuel_zombie_altar_kikubaaqudgha,
          ebering_ghost_inner_flame
D:8:      layout_rooms, minmay_guarded_unrand_finisher
D:9:      layout_roguey, grunt_temple_overflow_order_and_chaos_1,
          david_lair_shrubbed
D:10:     layout_basic, kennysheep_mini, tgw_fedhas, orc_0_dummy, serial_shops,
          nicolae_shop_back_alley_shop, shop, nicolae_shop_statue_plus,
          nicolae_diamond_shop, serial_undead, serial_undead_e, serial_undead_d,
          serial_undead_b, serial_undead_d, serial_undead_b
D:11:     layout_gridville
D:12:     layout_loops_ring, serial_bayou, serial_bayou_lake_a,
          serial_bayou_ford_a, serial_bayou_pond_c, serial_bayou_shore_b,
          serial_bayou_lagoon_a, serial_bayou_pond_b, uniq_nergalle,
          uniq_maurice, uniq_azrael
D:13:     layout_long_grid
D:14:     layout_small_grid, hellmonk_vaults_attempted_burglary,
          xom_teletrap_fun
D:15:     gammafunk_depths_entry_grave, layout_gridville,
          hangedman_decor_lopped, serial_park_tiny_1, minmay_fractal_squares_5
Lair:1:   layout_loops_ring, serial_forest, infiniplex_forest_clump_medium,
          infiniplex_forest_zigzag_2, infiniplex_forest_lined_2,
          infiniplex_forest_straight_2, infiniplex_forest_straight_3,
          infiniplex_forest_lined_corner, grunt_megastairs_2,
          lemuel_fruit_fields
Lair:2:   layout_roguey [special_room_bee], elwin_shoals_entry_rocks,
          nicolae_spider_entry_non_spiders, serial_rivers,
          chequers_serial_rivers_micro_b, chequers_serial_rivers_micro_d,
          chequers_serial_rivers_micro_a, chequers_serial_rivers_small_a,
          hangedman_tree_tricks, chequers_serial_rivers_micro_e,
          nicolae_lair_grove_arrangements, infiniplex_staircase_pool
Lair:3:   onia_ninara_swampy_vault, layout_loops_ring,
          gammafunk_ghost_wrathful_warriors, cheibrodos_lair_lostbears,
          serial_bayou_shore_a, serial_bayou_shore_b
Lair:4:   layout_gridlike, serial_bayou_pond_b, nzn_sisyphean_effort,
          lemuel_fruit_fields
Lair:5:   guppyfry_lair_end_dragon, layout_long_grid, wormcave, slime_entry_1

Skill      XL: |  1  2  3  4  5  6  7  8  9 10 11 12 13 14 15 |
---------------+----------------------------------------------+-----
Axes           | 5 6 7 8 10 12 13 16 18 20 | 20.0
Fighting       | 4 5 6 7 10 12 14 | 14.3
Armour         | 3 4 7 10 12 13 15 | 15.7
Dodging        | 4 6 |  6.0
Throwing       | 3 5 7 9 10 | 10.6
Evocations     | 4 5 |  5.0

Action                     |  1- 3 |  4- 6 |  7- 9 | 10-12 | 13-15 || total
---------------------------+-------+-------+-------+-------+-------++-------
  Melee: Hand axe          |    56 |   144 |   213 |   695 |   142 ||  1250
         Punch             |     1 |     1 |       |     7 |     3 ||    12
         Headbutt          |     8 |    19 |    46 |   153 |   181 ||   407
         War axe           |       |       |    35 |       |       ||    35
         Battleaxe         |       |       |       |       |   465 ||   465
         Executioner's axe |       |       |       |       |   129 ||   129
  Throw: Dart              |       |       |     7 |       |       ||     7
         Boomerang         |       |       |       |     7 |    19 ||    26
 Invoke: Berserk           |     1 |     6 |     6 |     9 |    14 ||    36
         Trog's Hand       |       |       |     2 |     3 |     2 ||     7
         Brothers in Arms  |       |       |     1 |     5 |     3 ||     9
  Evoke: Wand              |       |       |       |     2 |    13 ||    15
    Use: Scroll            |       |       |     1 |    13 |     7 ||    21
         Potion            |       |       |       |       |     1 ||     1
 Armour: Scale mail        |    40 |    57 |       |       |       ||    97
         Chain mail        |       |    11 |   119 |    62 |       ||   192
         Plate armour      |       |       |       |   375 |   797 ||  1172
  Dodge: Dodged            |    32 |    55 |    87 |   237 |   301 ||   712
